General information
- name: BNet
- type: Ladder team game (AT/RT)
- host: Battle.net
- saver: fineX
map: Dragonblight
- players: 6
- length: 64:26
- speed: Fast
- version: 1.24 W3XP
- replay type: Public
» download(480 KB)
Players
team 1 (loser)
ORC-BASH-73 (
blue | 75 APM | 4833 actions | 64:24)
3 Priestess of the Moon
1 Searing Arrows
2 Trueshot Aura
» actions
| Assign group hotkey | 45 | |
| Basic commands | 64 | |
| Build / train | 175 | |
| ESC pressed | 10 | |
| Enter build submenu | 88 | |
| Enter hero's abilities submenu | 3 | |
| Right click | 2561 | |
| Select / deselect | 666 | |
| Select group hotkey | 1028 | |
| Use ability | 193 | |
4833 total
» units
| Wisp | 124 | |
| Glaive Thrower | 9 | |
| Chimaera | 25 | |
158 total
» upgrades
| Corrosive Breath | 1 | |
| Strength of the Wild | 3 | |
| Reinforced Hides | 2 | |
| Ultravision | 1 | |
7 total
» buildings
| Altar of Elders | 1 | |
| Moon Well | 6 | |
| Hunter's Hall | 1 | |
| Ancient of War | 2 | |
| Ancient Protector | 54 | |
| Tree of Life | 6 | |
| Tree of Ages | 1 | |
| Tree of Eternity | 1 | |
| Ancient of Wind | 1 | |
| Chimaera Roost | 4 | |
77 total
» build order
00:13 Altar of Elders
00:22 Moon Well
02:09 Hunter's Hall
02:16 Ancient of War
02:18 Ancient of War
02:37 Moon Well
02:43 Moon Well
05:34 Moon Well
08:42 Ancient Protector
08:44 Ancient Protector
08:54 Tree of Life
09:08 Ancient Protector
10:21 Ancient Protector
10:24 Ancient Protector
10:26 Ancient Protector
11:27 Tree of Life
12:11 Ancient Protector
12:12 Ancient Protector
12:14 Ancient Protector
13:30 Tree of Life
13:33 Ancient Protector
13:51 Ancient Protector
13:52 Ancient Protector
14:43 Ancient Protector
14:58 Ancient Protector
15:01 Ancient Protector
15:52 Ancient Protector
16:27 Ancient Protector
16:29 Ancient Protector
16:31 Ancient Protector
18:09 Tree of Life
18:27 Tree of Life
18:32 Ancient Protector
18:33 Ancient Protector
18:35 Ancient Protector
18:36 Ancient Protector
19:02 Ancient Protector
19:04 Ancient Protector
19:06 Ancient Protector
19:29 Ancient Protector
20:04 Ancient Protector
20:07 Ancient Protector
20:11 Ancient Protector
20:36 Ancient Protector
20:43 Ancient Protector
21:34 Ancient Protector
21:36 Ancient Protector
21:52 Ancient Protector
21:58 Ancient Protector
22:34 Ancient Protector
23:02 Ancient Protector
23:04 Ancient Protector
23:05 Ancient Protector
23:06 Ancient Protector
25:58 Tree of Ages
27:47 Ancient Protector
27:48 Ancient Protector
27:49 Ancient Protector
27:52 Ancient Protector
27:54 Ancient Protector
28:08 Ancient Protector
28:40 Tree of Life
28:48 Ancient Protector
28:52 Ancient Protector
28:56 Ancient Protector
28:59 Ancient Protector
29:04 Ancient Protector
29:07 Ancient Protector
29:08 Ancient Protector
29:40 Tree of Eternity
30:39 Ancient of Wind
32:04 Chimaera Roost
32:06 Chimaera Roost
32:08 Chimaera Roost
32:10 Chimaera Roost
32:18 Moon Well
32:20 Moon Well
» items
| Potion of Healing | 1 | |
| Scroll of Town Portal | 1 | |
| Boots of Speed | 1 | |
| Staff of Teleportation | 1 | |
4 total
RUSKIE.CYKA (
green | 171 APM | 10994 actions | 64:14)
5 Death Knight
3 Death Coil
1 Unholy Aura
1 Death Pact
5 Lich
3 Frost Nova
2 Frost Armor
4 Crypt Lord
2 Impale
2 Spiked Carapace
» actions
| Assign group hotkey | 52 | |
| Basic commands | 11 | |
| Build / train | 130 | |
| ESC pressed | 2 | |
| Enter build submenu | 66 | |
| Enter hero's abilities submenu | 16 | |
| Give item / drop item | 12 | |
| Right click | 3459 | |
| Select / deselect | 1661 | |
| Select group hotkey | 5122 | |
| Use ability | 463 | |
10994 total
» units
| Acolyte | 29 | |
| Ghoul | 2 | |
| Crypt Fiend | 18 | |
| Frost Wyrm | 10 | |
| Blue Dragon | 2 | |
| Goblin Zeppelin | 1 | |
62 total
» upgrades
| Creature Attack | 2 | |
| Creature Carapace | 3 | |
| Burrow | 1 | |
| Web | 1 | |
| Freezing Breath | 1 | |
8 total
» buildings
| Graveyard | 2 | |
| Crypt | 2 | |
| Altar of Darkness | 2 | |
| Ziggurat | 25 | |
| Tomb of Relics | 2 | |
| Halls of the Dead | 4 | |
| Nerubian Tower | 3 | |
| Black Citadel | 4 | |
| Sacrificial Pit | 1 | |
| Spirit Tower | 3 | |
| Boneyard | 4 | |
| Necropolis | 2 | |
54 total
» build order
00:10 Graveyard
00:16 Crypt
00:21 Crypt
00:30 Altar of Darkness
00:35 Ziggurat
01:10 Tomb of Relics
01:54 Ziggurat
03:32 Halls of the Dead
03:32 Halls of the Dead
03:34 Nerubian Tower
03:52 Ziggurat
05:36 Ziggurat
07:41 Black Citadel
07:42 Black Citadel
08:37 Sacrificial Pit
10:43 Spirit Tower
10:50 Boneyard
11:06 Spirit Tower
12:28 Ziggurat
13:58 Ziggurat
15:02 Ziggurat
16:35 Boneyard
20:08 Necropolis
29:37 Ziggurat
29:40 Ziggurat
30:35 Altar of Darkness
31:40 Halls of the Dead
31:41 Halls of the Dead
35:20 Black Citadel
35:20 Black Citadel
37:21 Necropolis
37:55 Boneyard
37:57 Boneyard
39:50 Ziggurat
39:51 Ziggurat
39:52 Ziggurat
39:52 Ziggurat
40:38 Ziggurat
40:38 Ziggurat
40:40 Ziggurat
40:50 Ziggurat
40:52 Ziggurat
41:40 Ziggurat
42:34 Nerubian Tower
42:34 Nerubian Tower
42:43 Ziggurat
42:43 Ziggurat
42:44 Ziggurat
43:43 Ziggurat
43:52 Tomb of Relics
45:00 Graveyard
46:31 Spirit Tower
50:33 Ziggurat
50:36 Ziggurat
» items
| Rod of Necromancy | 2 | |
| Scroll of Town Portal | 8 | |
| Potion of Healing | 1 | |
| Healing Salve | 1 | |
| Lesser Clarity Potion | 1 | |
| Orb of Corruption | 1 | |
| Dust of Appearance | 5 | |
| Potion of Lesser Invulnerability | 1 | |
| Scroll of Healing | 3 | |
| Scroll of Protection | 1 | |
| Boots of Speed | 1 | |
25 total
ZeppelinLed (
orange | 76 APM | 4911 actions | 64:19)
5 Tauren Chieftain
3 War Stomp
2 Endurance Aura
4 Shadow Hunter
2 Hex
2 Healing Wave
1 Blademaster
1 Wind Walk
» actions
| Assign group hotkey | 230 | |
| Basic commands | 15 | |
| Build / train | 74 | |
| Enter build submenu | 46 | |
| Enter hero's abilities submenu | 10 | |
| Give item / drop item | 3 | |
| Right click | 2787 | |
| Select / deselect | 504 | |
| Select group hotkey | 915 | |
| Use ability | 327 | |
4911 total
» units
| Peon | 16 | |
| Troll Headhunter/Berserker | 7 | |
| Troll Batrider | 12 | |
| Troll Witch Doctor | 3 | |
| Demolisher | 1 | |
| Blue Dragon | 1 | |
40 total
» upgrades
| Armor | 3 | |
| Reinforced Defenses | 1 | |
| Berserker Upgrade | 1 | |
| Liquid Fire | 1 | |
| Ranged Weapons | 1 | |
| Troll Regeneration | 1 | |
| Witch Doctor Training | 2 | |
10 total
» buildings
| Altar of Storms | 1 | |
| Orc Burrow | 8 | |
| War Mill | 1 | |
| Barracks | 2 | |
| Voodoo Lounge | 1 | |
| Stronghold | 1 | |
| Watch Tower | 27 | |
| Beastiary | 2 | |
| Fortress | 1 | |
| Spirit Lodge | 1 | |
45 total
» build order
00:08 Altar of Storms
00:16 Orc Burrow
00:50 War Mill
01:16 Barracks
01:40 Barracks
02:06 Orc Burrow
02:39 Voodoo Lounge
04:34 Stronghold
04:55 Watch Tower
05:24 Orc Burrow
05:27 Watch Tower
05:30 Watch Tower
05:58 Watch Tower
06:00 Watch Tower
07:53 Watch Tower
07:56 Beastiary
07:59 Beastiary
08:04 Watch Tower
08:06 Watch Tower
08:09 Watch Tower
08:52 Watch Tower
10:13 Orc Burrow
10:16 Orc Burrow
10:18 Fortress
10:21 Watch Tower
11:17 Watch Tower
11:21 Watch Tower
11:31 Watch Tower
11:41 Watch Tower
12:09 Watch Tower
12:28 Watch Tower
13:24 Watch Tower
15:01 Watch Tower
15:03 Watch Tower
17:07 Watch Tower
17:11 Watch Tower
17:16 Watch Tower
18:14 Watch Tower
18:16 Watch Tower
18:26 Watch Tower
18:28 Watch Tower
18:33 Orc Burrow
18:36 Orc Burrow
18:41 Orc Burrow
19:34 Spirit Lodge
» items
| Healing Salve | 3 | |
| Scroll of Speed | 2 | |
| Scroll of Town Portal | 1 | |
| Orb of Lightning | 1 | |
| Staff of Teleportation | 1 | |
8 total
team 2 (winner)
btard (
purple | 53 APM | 3439 actions | 64:25)
7 Warden
3 Shadow Strike
3 Blink
1 Fan of Knives
» actions
| Assign group hotkey | 2 | |
| Basic commands | 4 | |
| Build / train | 53 | |
| Enter build submenu | 22 | |
| Enter hero's abilities submenu | 7 | |
| Give item / drop item | 3 | |
| Remove unit from queue | 1 | |
| Right click | 2290 | |
| Select / deselect | 638 | |
| Select group hotkey | 4 | |
| Use ability | 415 | |
3439 total
» units
» upgrades
| Nature's Blessing | 1 | |
| Well Spring | 1 | |
| Ultravision | 1 | |
3 total
» buildings
| Altar of Elders | 3 | |
| Moon Well | 12 | |
| Ancient of Wonders | 1 | |
| Tree of Ages | 1 | |
| Hunter's Hall | 1 | |
| Tree of Life | 2 | |
| Tree of Eternity | 1 | |
| Ancient of Wind | 1 | |
22 total
» build order
00:06 Altar of Elders
00:28 Moon Well
01:31 Moon Well
03:00 Moon Well
06:12 Ancient of Wonders
06:15 Moon Well
07:11 Moon Well
08:17 Tree of Ages
08:19 Hunter's Hall
09:02 Moon Well
13:05 Tree of Life
13:12 Tree of Eternity
14:02 Moon Well
14:03 Moon Well
17:52 Moon Well
17:53 Moon Well
18:01 Moon Well
18:02 Moon Well
25:26 Ancient of Wind
57:51 Altar of Elders
58:47 Altar of Elders
61:03 Tree of Life
» items
| Boots of Speed | 1 | |
| Staff of Teleportation | 1 | |
| Healing Salve | 1 | |
| Orb of Venom | 1 | |
| Periapt of Vitality | 1 | |
5 total
fineX (
teal | 78 APM | 5051 actions | 64:26)
7 Blademaster
3 Wind Walk
3 Critical Strike
1 Bladestorm
4 Shadow Hunter
2 Hex
2 Healing Wave
» actions
| Assign group hotkey | 162 | |
| Build / train | 83 | |
| Enter build submenu | 27 | |
| Enter hero's abilities submenu | 11 | |
| Remove unit from queue | 2 | |
| Right click | 2672 | |
| Select / deselect | 394 | |
| Select group hotkey | 1359 | |
| Use ability | 341 | |
5051 total
» units
| Peon | 14 | |
| Troll Batrider | 31 | |
| Raider | 2 | |
47 total
» upgrades
| Liquid Fire | 1 | |
| Ranged Weapons | 1 | |
| Ensnare | 1 | |
3 total
» buildings
| Altar of Storms | 1 | |
| Orc Burrow | 5 | |
| War Mill | 1 | |
| Voodoo Lounge | 1 | |
| Watch Tower | 13 | |
| Stronghold | 3 | |
| Beastiary | 2 | |
| Fortress | 1 | |
27 total
» build order
00:06 Altar of Storms
00:08 Orc Burrow
00:47 War Mill
01:34 Voodoo Lounge
02:01 Watch Tower
02:25 Watch Tower
02:59 Watch Tower
03:20 Stronghold
03:20 Stronghold
04:02 Orc Burrow
04:03 Orc Burrow
04:10 Watch Tower
04:17 Watch Tower
04:49 Orc Burrow
04:59 Orc Burrow
05:21 Watch Tower
05:24 Watch Tower
05:59 Beastiary
06:06 Watch Tower
06:42 Fortress
06:52 Beastiary
07:08 Watch Tower
13:24 Watch Tower
13:24 Watch Tower
14:50 Watch Tower
14:51 Watch Tower
» items
| Scroll of Speed | 1 | |
| Lesser Clarity Potion | 3 | |
| Healing Salve | 2 | |
| Staff of Teleportation | 2 | |
| Boots of Speed | 2 | |
| Orb of Lightning | 1 | |
| Scroll of Town Portal | 3 | |
14 total
nuttlovr1998 (
yellow | 112 APM | 7184 actions | 64:25)
6 Archmage
3 Blizzard
2 Brilliance Aura
1 Mass Teleport
6 Blood Mage
3 Flame Strike
1 Siphon Mana
1 Banish
1 Summon Phoenix
» actions
| Assign group hotkey | 2533 | |
| Basic commands | 125 | |
| Build / train | 127 | |
| ESC pressed | 1 | |
| Enter build submenu | 72 | |
| Enter hero's abilities submenu | 12 | |
| Give item / drop item | 5 | |
| Right click | 1825 | |
| Select / deselect | 473 | |
| Select group hotkey | 1637 | |
| Use ability | 374 | |
7184 total
» units
| Peasant | 14 | |
| Mortar Team | 7 | |
| Sorceress | 2 | |
| Priest | 2 | |
| Siege Engine | 5 | |
| Dragonhawk Rider | 3 | |
| Goblin Zeppelin | 1 | |
34 total
» upgrades
| Masonry | 3 | |
| Sorceress Training | 2 | |
| Fragmentation Shards | 1 | |
| Flare | 1 | |
| Magic Sentry | 1 | |
| Gunpowder | 1 | |
| Plating | 1 | |
| Armor | 2 | |
12 total
» buildings
| Altar of Kings | 2 | |
| Lumber Mill | 2 | |
| Farm | 12 | |
| Scout Tower | 69 | |
| Arcane Tower | 6 | |
| Guard Tower | 31 | |
| Keep | 1 | |
| Blacksmith | 2 | |
| Workshop | 2 | |
| Arcane Sanctum | 1 | |
| Castle | 1 | |
| Arcane Vault | 1 | |
| Cannon Tower | 2 | |
| Gryphon Aviary | 2 | |
| Barracks | 1 | |
135 total
» build order
00:20 Altar of Kings
00:35 Lumber Mill
00:50 Farm
00:54 Scout Tower
01:24 Arcane Tower
01:26 Scout Tower
01:33 Scout Tower
01:39 Scout Tower
01:46 Farm
01:50 Scout Tower
02:06 Scout Tower
02:35 Arcane Tower
02:36 Scout Tower
02:39 Arcane Tower
02:40 Guard Tower
02:41 Guard Tower
02:43 Scout Tower
02:49 Arcane Tower
02:56 Scout Tower
02:59 Scout Tower
03:11 Scout Tower
03:11 Guard Tower
03:21 Guard Tower
03:28 Guard Tower
03:43 Guard Tower
03:44 Scout Tower
03:50 Farm
04:07 Keep
04:09 Guard Tower
04:09 Scout Tower
04:18 Guard Tower
04:20 Scout Tower
04:20 Scout Tower
04:35 Blacksmith
04:43 Blacksmith
04:47 Scout Tower
04:48 Scout Tower
04:49 Guard Tower
05:00 Scout Tower
05:00 Scout Tower
05:00 Scout Tower
05:01 Scout Tower
05:03 Scout Tower
05:04 Scout Tower
05:04 Scout Tower
05:05 Guard Tower
05:11 Guard Tower
05:16 Scout Tower
05:16 Scout Tower
05:25 Guard Tower
05:39 Guard Tower
05:44 Farm
05:44 Farm
05:45 Farm
05:52 Guard Tower
05:55 Scout Tower
06:13 Guard Tower
06:16 Scout Tower
06:21 Guard Tower
06:26 Scout Tower
06:27 Scout Tower
06:29 Scout Tower
06:38 Guard Tower
07:00 Workshop
07:01 Arcane Sanctum
07:04 Guard Tower
07:48 Castle
08:19 Guard Tower
08:39 Farm
10:14 Scout Tower
10:14 Scout Tower
10:16 Scout Tower
10:16 Scout Tower
10:17 Scout Tower
10:43 Workshop
13:23 Scout Tower
13:23 Scout Tower
13:23 Scout Tower
13:24 Scout Tower
13:24 Scout Tower
13:25 Scout Tower
13:26 Scout Tower
13:26 Scout Tower
13:27 Scout Tower
13:52 Guard Tower
14:18 Guard Tower
14:20 Guard Tower
14:28 Lumber Mill
14:49 Scout Tower
14:49 Scout Tower
14:50 Scout Tower
14:50 Scout Tower
14:51 Scout Tower
14:52 Scout Tower
15:37 Arcane Vault
16:51 Guard Tower
17:47 Guard Tower
17:48 Scout Tower
17:49 Scout Tower
17:50 Scout Tower
18:49 Scout Tower
18:50 Scout Tower
18:51 Scout Tower
18:52 Scout Tower
19:26 Guard Tower
19:51 Guard Tower
19:54 Scout Tower
19:54 Scout Tower
19:56 Scout Tower
19:56 Scout Tower
19:57 Guard Tower
20:05 Guard Tower
20:54 Scout Tower
20:55 Scout Tower
21:06 Guard Tower
21:36 Arcane Tower
21:58 Guard Tower
22:03 Arcane Tower
23:15 Scout Tower
24:23 Cannon Tower
24:24 Scout Tower
24:24 Scout Tower
25:19 Guard Tower
26:13 Farm
26:14 Farm
26:14 Farm
26:14 Farm
26:15 Farm
26:29 Scout Tower
30:45 Cannon Tower
32:08 Gryphon Aviary
41:45 Barracks
57:17 Gryphon Aviary
58:35 Altar of Kings
» items
| Healing Salve | 4 | |
| Lesser Clarity Potion | 2 | |
| Scroll of Speed | 4 | |
| Scroll of Town Portal | 3 | |
| Orb of Lightning | 2 | |
| Potion of Healing | 3 | |
| Staff of Sanctuary | 1 | |
| Boots of Speed | 2 | |
| Staff of Teleportation | 2 | |
| Potion of Lesser Invulnerability | 1 | |
| Periapt of Vitality | 2 | |
26 total
Chat log
(00:25 / Allies) fineX: erz you okay with towering both
(00:37 / Allies) fineX: i mean ill make a few
(01:46 / All) btard: yo
(01:50 / All) ZeppelinLed: sup
(02:02 / All) btard: why did the pie cross the road?
(02:09 / All) ZeppelinLed: why
(02:14 / All) btard: to get the milk
(02:17 / All) ZeppelinLed: true
(02:23 / Allies) nuttlovr1998: lum hgolfd!!!
(03:10 / All) fineX: why did the milk eat the pie
(03:26 / All) ZeppelinLed: how can milk eat?
(03:32 / All) fineX: nigger
(04:27 / Allies) fineX: whcih one gives item
(04:28 / Allies) fineX: wolf
(05:08 / All) btard: why did the nigger cross the raod
(05:16 / All) fineX: to get kfc
(06:35 / Allies) fineX: aoe a nigga
(06:36 / Allies) nuttlovr1998: gold
(08:10 / Allies) nuttlovr1998: creepnow
(08:22 / Allies) nuttlovr1998: ne get dragonz
(11:24 / Allies) nuttlovr1998: expo there
(15:23 / Allies) nuttlovr1998: no
(18:34 / Allies) nuttlovr1998: wjere
(19:44 / Allies) nuttlovr1998: are thjey using shades and shit
(26:49 / Allies) fineX: lol
(28:45 / Allies) nuttlovr1998: we're ok
(28:49 / Allies) nuttlovr1998: they dont have many moreo mines
(29:12 / Allies) fineX: lol
(33:18 / All) ORC-BASH-73: PLZ LEAVE
(33:20 / All) ORC-BASH-73: NOOBS
(39:48 / All) ORC-BASH-73: leave plz
(39:53 / All) ORC-BASH-73: ur wasting my time
(40:00 / All) ORC-BASH-73: u broke ass niggas
(40:02 / All) nuttlovr1998: xD
(40:35 / All) ZeppelinLed: i have maphack
(41:46 / Allies) nuttlovr1998: wat
(42:42 / Allies) nuttlovr1998: ya
(42:49 / Allies) nuttlovr1998: we're fine on gold if we dont expo
(45:32 / All) fineX: hi wyrms
(48:16 / Allies) nuttlovr1998: use that mort
(48:18 / Allies) nuttlovr1998: i cant watch it
(49:34 / All) fineX: you got it
(49:36 / All) fineX: what i want
(49:38 / All) fineX: give it up
(49:40 / All) fineX: shaaawty
(49:46 / All) ORC-BASH-73: u lost
(49:47 / All) ORC-BASH-73: leave
(49:49 / All) ORC-BASH-73: pussy
(49:52 / All) ORC-BASH-73: u suck
(49:56 / All) ORC-BASH-73: u dont no how toproto
(49:58 / All) ORC-BASH-73: idiot
(50:35 / All) fineX: baby lets go
(50:49 / All) fineX: baby let go
(50:51 / All) fineX: got nothin to fear
(52:09 / Allies) fineX: wtf lol
(56:09 / Allies) nuttlovr1998: lool
(56:42 / All) ORC-BASH-73: ;lmao
(56:43 / All) ORC-BASH-73: Trash
(56:52 / Allies) nuttlovr1998: make some aa
(56:53 / Allies) nuttlovr1998: gold
(56:54 / All) ORC-BASH-73: bye
(56:56 / All) ORC-BASH-73: losers
(56:56 / Allies) fineX: gold
(56:57 / Allies) fineX: now
(57:07 / Allies) nuttlovr1998: golddd
(57:23 / Allies) nuttlovr1998: ? goldldldalsdlasdl
(57:29 / All) ORC-BASH-73: suck
(57:30 / All) ORC-BASH-73: more
(57:31 / All) ORC-BASH-73: plz
(57:31 / Allies) nuttlovr1998: and make aa
(57:33 / All) ORC-BASH-73: bye
(57:34 / All) ORC-BASH-73: noobs
(57:38 / All) ORC-BASH-73: leave faggots
(57:39 / Allies) nuttlovr1998: more
(57:42 / All) ORC-BASH-73: thanks for wasting my time
(57:46 / All) ORC-BASH-73: learn to fucking proto
(57:48 / All) ORC-BASH-73: u idiots
(57:59 / Allies) nuttlovr1998: gold
(57:59 / Allies) nuttlovr1998: gold
(58:25 / All) fineX: idiots
(58:34 / All) ORC-BASH-73: bye noobs
(58:44 / Allies) nuttlovr1998: u guys gotta make aa
(60:50 / Allies) nuttlovr1998: kill from ledge
(61:46 / All) fineX: baby i want some more
(61:48 / All) fineX: hit me with an encore
(61:57 / All) nuttlovr1998: hmm i think u lose
(64:17 / All) btard: QQ
(64:18 / All) fineX: cya scrubs
(64:18 / All) nuttlovr1998: noobies
(64:21 / All) btard: rage quit